 Dungeon Crawl Stone Soup version 0.27.1-3-gb3d3a73c9e (webtiles) character file.

Game seed: 8411011400836064413

791 ABBCCCDDDD the Sneak (level 7, -2/61 HPs)
             Began as a Deep Dwarf Delver on Oct 24, 2021.
             Was a Follower of Trog.
             Slain by a sky beast (4 damage)
             ... on level 6 of the Dungeon.
             The game lasted 00:13:11 (4081 turns).

ABBCCCDDDD the Sneak (Deep Dwarf Delver)            Turns: 4081, Time: 00:13:12

Health: -2/61      AC:  7    Str: 18    XL:     7   Next: 57%
Magic:  9/9        EV: 10    Int: 10    God:    Trog [*.....]
Gold:   184        SH:  0    Dex: 14    Spells: 10/10 levels left

rFire    . . .     SeeInvis .   o - +0 war axe
rCold    . . .     Faith    .   (no shield)
rNeg     . . .     Spirit   .   r - +0 scale mail
rPois    +         Reflect  .   (no helmet)
rElec    .         Harm     .   b - +0 cloak {rPois}
rCorr    .         Rampage  .   (no gloves)
Will     +....                  (no boots)
Stlth    ++........             (no amulet)
HPRegen  0.00/turn              (no ring)
MPRegen  0.11/turn              (no ring)

@: on berserk cooldown, slowed, very slow
A: damage resistance, heal wounds, sense surroundings 1, no regeneration
a: Heal Wounds, Renounce Religion, Berserk


You were on level 6 of the Dungeon.
You worshipped Trog.
Trog was aware of your devotion.
You visited 2 branches of the dungeon, and saw 7 of its levels.

You collected 184 gold pieces.

Inventory:

Hand Weapons
 n - a +2 spear of flaming
 o - a +0 war axe (weapon)
Armour
 b - a +0 cloak of poison resistance (worn)
 j - a +0 kite shield
 r - a +0 scale mail (worn)
Wands
 a - a wand of acid (4)
 g - a wand of digging (3)
 u - a wand of polymorph (21)
Scrolls
 c - 2 scrolls of fog
 d - a scroll of vulnerability {unknown}
 e - 2 scrolls of fear
 i - 7 scrolls of identify {unknown}
 q - a scroll of blinking {unknown}
 s - a scroll of amnesia {unknown}
 t - a scroll of immolation {unknown}
Potions
 f - 4 potions of haste
 h - 3 potions of curing {unknown}
 k - a potion of degeneration {unknown}
 l - a potion of cancellation {unknown}
 m - a potion of might {unknown}
 p - a potion of resistance {unknown}


   Skills:
 - Level 2.6 Fighting
 + Level 5.4 Axes
 - Level 3.0 Armour
 - Level 3.0 Dodging
 - Level 6.0 Stealth
 + Level 4.6 Shields
 - Level 2.2 Spellcasting
 + Level 3.5 Evocations


You had 10 spell levels left.
You didn't know any spells.
Your spell library was empty.

Dungeon Overview and Level Annotations

Branches:
Dungeon (6/15)             Temple (1/1) D:4

Altars:
Ashenzari
Cheibriados
Dithmenos
Elyvilon
Makhleb
Nemelex Xobeh
Ru
Trog
Vehumet
Xom
Yredelemnul
Zin
The Shining One
Lugonu

Annotations:
D:2 Sigmund


Innate Abilities, Weirdness & Mutations

You are resistant to damage.
You can heal yourself by infusing magical energy.
You passively map a small area around you.
You do not regenerate.


Message History

An adder comes into view.
Something hits you.
* * * LOW HITPOINT WARNING * * *
Something shocks you.
* * * LOW HITPOINT WARNING * * *
You feel a strong urge to attack something.
The adder hisses angrily.
Something hits you. Something shocks you.
* * * LOW HITPOINT WARNING * * *
Things that are here:
a +0 dagger; a curare-tipped dart; a kobold corpse A sky beast appears from thin air!
Reactivating autopickup.
The sky beast closely misses you.
You feel your anger nearly subside.
You are no longer berserk.
You are exhausted.
You feel as though you will be slow longer.
The adder bites you but does no damage.
Your scale mail prevents you from hitting the adder.
You closely miss the sky beast. The adder barely misses you.
The sky beast hits you but does no damage.
The adder completely misses you. The sky beast closely misses you.
The adder bites you but does no damage.
You closely miss the adder. You miss the sky beast. The adder misses you.
The sky beast hits you but does no damage.
The adder closely misses you.
The sky beast flickers out of sight!
Deactivating autopickup; reactivate with Ctrl-A.
Something hits you but does no damage.
You hit the adder.
The adder is lightly wounded.
You hit something. The adder bites you but does no damage.
Something completely misses you. The adder barely misses you.
Something hits you but does no damage. The adder bites you.
You slash something! You hit the adder. The adder barely misses you.
Something hits you but does no damage. The adder bites you but does no damage.
Something hits you. Something shocks you.
* * * LOW HITPOINT WARNING * * *
You closely miss something. You miss the adder. The adder closely misses you.
Something hits you. Something shocks you.
You die...

, * , , ,###### , ** , ,
...... ,
#.,*#....######, # #..
#..$......## .# #.#..
..........##.##+ ,
##.#..#####..#.........#
..............){@S......
,
............)....###.##
,#.....)###.###.##* * *
. ,#................. ,,
.###...........##.### **
........$..(.......
.####.#####....##.# *
..###.#####.#### .# , ,
, ............., ,


You could see an adder.

Levels and vault maps discovered:
D:1:      sevenhm_arrival_forest_fort_small_6, layout_loops_ring,
          shapermc_ecumenical_altar_mp_urbaneastern
D:2:      layout_basic, basic_altar, uniq_sigmund
D:3:      minmay_inner_zag, layout_basic, uniq_crazy_yiuf_cottage
D:4:      layout_loops_corners, mainiacjoe_overflow_cross_hatched,
          nicolae_ashenzari_panopticon, minmay_temple_entry_crystal_x
D:5:      layout_basic, grunt_dithmenos_smoke,
          mainiacjoe_overflow_concentric_impassable, makhleb_grotto_becter,
          zin_angel, minmay_chambers_of_fives
D:6:      layout_basic, marbit_many_paths, serial_shops, shop, uniq_pikel,
          uniq_blork_the_orc
Temple:   corrupted_temple

Notes
Turn   | Place    | Note
-------+----------+-------------------------------------------
     0 | D:5      | ABBCCCDDDD the Deep Dwarf Delver began the quest for the
                  | Orb.
     0 | D:5      | Reached XP level 1. HP: 20/20 MP: 1/1
    84 | D:5      | Noticed a kobold demonologist
    84 | D:5      | Noticed a wight
    85 | D:5      | Noticed a black bear
   231 | D:4      | Found a shimmering altar of Xom.
   260 | D:4      | Found a staircase to the Ecumenical Temple.
   274 | Temple   | Entered the Ecumenical Temple
   289 | Temple   | Became a worshipper of Trog the Wrathful
   373 | D:4      | Reached XP level 2. HP: 21/27 MP: 2/2
   401 | D:4      | Found a broken altar of Ashenzari.
   409 | D:4      | Reached skill level 1 in Armour
   574 | D:2      | Noticed Sigmund
   592 | D:1      | Reached XP level 3. HP: 17/33 MP: 3/3
   683 | D:1      | Reached skill level 1 in Shields
   827 | D:1      | Reached * piety under Trog
  1249 | D:1      | Found a faded altar of an unknown god.
  1393 | D:2      | Reached XP level 4. HP: 40/40 MP: 4/4
  1559 | D:2      | Found a radiant altar of Vehumet.
  2000 | D:3      | Reached XP level 5. HP: 46/46 MP: 5/5
  2298 | D:3      | Reached ** piety under Trog
  2515 | D:3      | Found a runed translucent door.
  2516 | D:3      | Noticed Crazy Yiuf
  2523 | D:3      | Killed Crazy Yiuf
  2786 | D:4      | Reached XP level 6. HP: 48/55 MP: 5/5
  3119 | D:4      | Reached skill level 1 in Evocations
  3319 | D:5      | Found a shadowy altar of Dithmenos.
  3392 | D:5      | Found a burning altar of Makhleb.
  3403 | D:5      | Reached skill level 1 in Spellcasting
  3447 | D:5      | Reached XP level 7. HP: 29/61 MP: 6/8
  3451 | D:5      | Reached skill level 5 in Axes
  3596 | D:5      | Found a snail-covered altar of Cheibriados.
  3975 | D:5      | Found a glowing silver altar of Zin.
  3976 | D:5      | Noticed an angel
  4080 | D:6      | HP: 2/61 [something (5)]
  4081 | D:6      | Slain by a sky beast

Table legend: (Time is in decaauts)
 A = Elapsed time spent in this place.
 B = Non-inter-level travel time spent in this place.
 C = Inter-level travel time spent in this place.
 D = Time resting spent in this place.
 E = Time spent auto-exploring this place.
 F = Levels seen in this place.
 G = Mean time per level.
                   A        B        C        D        E       F      G
               +--------+--------+--------+--------+--------+-----+--------+
         Total |   4272 |   4068 |    204 |    880 |   1541 |   7 |  610.3 |
       Dungeon |   4243 |   4052 |    191 |    880 |   1535 |   6 |  707.2 |
        Temple |     29 |     16 |     13 |      0 |      6 |   1 |   29.0 |
               +--------+--------+--------+--------+--------+-----+--------+

Top non-repeatable levels by time:
     D:3: 1076 daAuts
     D:4: 1072 daAuts
     D:5: 833 daAuts
     D:1: 803 daAuts
     D:2: 353 daAuts
     D:6: 104 daAuts
  Temple: 29 daAuts

Table legend:
 A = Kills in this place as a percentage of kills in entire the game.
 B = Kills by you in this place as a percentage of kills by you in the entire game.
 C = Kills by friends in this place as a percentage of kills by friends in the entire game.
 D = Other kills in this place as a percentage of other kills in the entire game.
 E = Experience gained in this place as a percentage of experience gained in the entire game.
 F = Experience gained in this place divided by the number of levels of this place that you have seen.
                   A       B       C       D       E      F
               +-------+-------+-------+-------+-------+----------------------
         Total | 100.0 | 100.0 |   N/A |   N/A | 100.0 | 161.4
       Dungeon | 100.0 | 100.0 |   N/A |   N/A | 100.0 | 188.3
               +-------+-------+-------+-------+-------+----------------------

Action                   |  1- 3 |  4- 6 |  7- 9 || total
-------------------------+-------+-------+-------++-------
Melee: Hand axe          |   106 |    98 |       ||   204
       War axe           |       |    39 |    41 ||    80
Invok: Berserk           |     1 |    13 |     5 ||    19
       Trog's Hand       |       |     1 |       ||     1
 Abil: Heal Wounds       |     1 |     3 |     2 ||     6
Evoke: Wand              |       |       |     2 ||     2
  Use: Scroll            |     1 |       |       ||     1
 Stab: Sleeping          |     6 |     4 |     1 ||    11
Armor: Leather armour    |    26 |     6 |       ||    32
       Ring mail         |       |    18 |       ||    18
       Scale mail        |       |    24 |    22 ||    46
Dodge: Dodged            |    73 |    74 |    20 ||   167

Vanquished Creatures
  A black bear (D:5)
  A kobold brigand (D:6)
  A wyvern skeleton (D:6)
  A wight (D:5)
  A crimson imp (D:5)
  A centaur zombie (D:5)
  Crazy Yiuf (D:3)
  2 orc priests (D:4)
  A scorpion zombie (D:5)
  2 iguanas (D:5)
  15 gnolls
  A howler monkey skeleton (D:4)
  5 adders
  2 worms
  5 dart slugs
  15 orcs
  4 ball pythons
  2 bats (D:1)
  6 endoplasms
  4 giant cockroaches
  6 goblins
  9 hobgoblins
  7 kobolds
  3 quokkas
  5 frilled lizards
  3 rats
104 creatures vanquished.

Vanquished Creatures (others)
  A fungus (D:1)
1 creature vanquished.

Grand Total: 105 creatures vanquished
